 Dungeon Crawl Stone Soup version 0.32-a0-918-g0f22ef8d61 (webtiles) character file.

Game seed: 15425426249631325165

24955 Nonny the Fencer (level 13, -10/106 HPs)
             Began as a Coglin Gladiator on Apr 12, 2024.
             Was the Champion of Kikubaaqudgha.
             Mangled by a wyvern (12 damage)
             ... on level 1 of the Lair of Beasts.
             The game lasted 00:42:37 (12715 turns).

Nonny the Fencer (Coglin Gladiator)                Turns: 12715, Time: 00:42:38

Health: -10/106    AC: 14    Str: 17    XL:     13   Next: 16%
Magic:  17/17      EV: 12    Int: 11    God:    Kikubaaqudgha [******]
Gold:   684        SH:  0    Dex: 19    Spells: 14/18 levels left

rFire   . . .        H - +0 scimitar (flame) {Adalbert}
rCold   . . .        p - +2 scimitar (flame) {Sebastián}
rNeg    . . .        o - +3 scale mail {rPois}
rPois   +            c - +0 helmet
rElec   .            g - +0 cloak
rCorr   .            C - +0 pair of gloves
SInv    .            r - +0 pair of boots
Will    .....        (amulet unavailable)
Stlth   +            (ring unavailable)
HPRegen 0.37/turn    (ring unavailable)
MPRegen 0.15/turn    (no gizmo)

%: no passive effects
@: revved
A: off-hand wielding, slow wielding, warmup strikes, no jewellery, iridescent
scales 1, clever 1, deformed body, strong 1
a: Invent Gizmo, Renounce Religion, Unearth Wretches, Torment, Brand Weapon With
Pain, Receive Forbidden Knowledge


You were on level 1 of the Lair of Beasts.
You worshipped Kikubaaqudgha.
Kikubaaqudgha was exalted by your worship.
You visited 3 branches of the dungeon, and saw 13 of its levels.

You collected 684 gold pieces.

Inventory:

Hand Weapons
 p - a +2 scimitar of flaming (offhand) {Sebastián}
 H - a +0 scimitar of flaming (weapon) {Adalbert}
 I - a +4 scimitar of freezing {Pancho}
Missiles
 a - 45 poisoned darts
 d - 6 throwing nets (quivered)
 j - 107 stones
 q - a javelin
 t - 5 datura-tipped darts
 G - a curare-tipped dart
Armour
 c - a +0 helmet (worn)
 e - the +1 ring mail of Experimentation {Str-3 Int+3 Dex+3}
   (You found it on level 11 of the Dungeon)

   Str-3:     It affects your strength (-3).
   Int+3:     It affects your intelligence (+3).
   Dex+3:     It affects your dexterity (+3).
 g - a +0 cloak (worn)
 k - a +1 robe of cold resistance
 o - a +3 scale mail of poison resistance (worn)
 r - a +0 pair of boots (worn)
 y - a +1 robe of fire resistance
 C - a +0 pair of gloves (worn)
Magical Staves
 i - a staff of alchemy
Wands
 b - a wand of polymorph (4)
 v - a wand of flame (35)
 E - a wand of acid (1)
 K - a wand of charming (12)
Scrolls
 m - 5 scrolls of teleportation
 s - 7 scrolls of immolation
 z - 2 scrolls of vulnerability
 B - 2 scrolls of fog {unknown}
 L - a scroll of amnesia
Potions
 f - 2 potions of attraction
 h - 4 potions of enlightenment
 l - 4 potions of curing
 u - a potion of ambrosia
 w - 3 potions of might
 x - a potion of haste
 A - a potion of resistance {unknown}
 F - a potion of cancellation
 J - a potion of invisibility
 M - a potion of mutation
Miscellaneous
 D - a box of beasts


   Skills:
 + Level 11.0 Fighting
 - Level 15.1 Long Blades
 * Level 3.5 Throwing
 * Level 4.9 Armour
 + Level 6.9 Dodging
 - Level 3.0 Stealth
 - Level 3.0 Spellcasting
 - Level 3.0 Necromancy
 * Level 5.4 Evocations


You had 14 spell levels left.
You knew the following spells:

 Your Spells              Type           Power      Damage    Failure   Level
a - Animate Dead          Necr           8%         N/A       93%         4

Your spell library contained the following spells:

 Spells                   Type           Power      Damage    Failure   Level
 Necrotise                Necr           32%        1d5       24%         1
 Kiss of Death            Conj/Necr      16%        2d6       41%         1
 Vampiric Draining        Necr           8%         2d6       56%         3
 Shock                    Conj/Air       4%         1d3       63%         1
 Cigotuvi's Dreadful Rot  Necr/Alch/Air  6%         N/A       63%         2
 Dispel Undead            Necr           8%         3d8       93%         4
 Swiftness                Air            1%         N/A       94%         3
 Anguish                  Hex/Necr       2%         N/A       99%         4
 Martyr's Knell           Necr/Summ      4%         N/A       99%         4
 Airstrike                Air            0%         2d(1-17)  100%        4
 Borgnjor's Vile Clutch   Necr/Erth      2%         N/A       100%        5
 Death Channel            Necr           4%         N/A       100%        6


Dungeon Overview and Level Annotations

Branches:
Dungeon (11/15)            Temple (1/1) D:6            Lair (1/5) D:11
    Orc (0/2) D:9

Altars:
Ashenzari
Cheibriados
Dithmenos
Elyvilon
Fedhas
Gozag
Hepliaklqana
Kikubaaqudgha
Makhleb
Nemelex Xobeh
Okawaru
Qazlal
Ru
Sif Muna
Trog
Uskayaw
Vehumet
Wu Jian
Xom
Yredelemnul
Zin
The Shining One


Innate Abilities, Weirdness & Mutations

You can wield a second weapon in your off-hand.
It takes a long time for you to wield or remove held weapons.
Your first few attacks do less damage.
You cannot equip rings or amulets.
You are partially covered in iridescent scales. (AC +2)
Your mind is acute. (Int +4, Str/Dex -1)
Armour fits poorly on your strangely shaped body.
Your muscles are strong. (Str +4, Int/Dex -1)


Message History

The blink frog hits you but does no damage.
The blink frog blinks!
You slice the blink frog with your +2 scimitar of flaming!!
You burn the blink frog.
You kill the blink frog!
Kikubaaqudgha accepts your kill.
A yak comes into view.
The blink frog blinks!
Unknown command.
You slice the blink frog with your +0 scimitar of flaming!!
You burn the blink frog.
The blink frog is severely wounded.
You slash the blink frog with your +2 scimitar of flaming!
You burn the blink frog.
You kill the blink frog!
Kikubaaqudgha accepts your kill.
You hit the yak with your +0 scimitar of flaming.
You burn the yak.
The yak is lightly wounded.
You slash the yak with your +2 scimitar of flaming!
You burn the yak. The yak gores you!
* * * LOW HITPOINT WARNING * * *
Unknown command.
You hit the yak with your +2 scimitar of flaming.
You burn the yak.
The yak is severely wounded.
You slash the yak with your +0 scimitar of flaming!
You burn the yak.
You kill the yak!
Kikubaaqudgha accepts your kill.
You hit the wyvern but do no damage.
You hit the wyvern with your +0 scimitar of flaming.
You burn the wyvern. The wyvern bites you!
* * * LOW HITPOINT WARNING * * *
You barely miss the wyvern with your +0 scimitar of flaming.
The wyvern is lightly wounded.
You barely miss the wyvern with your +2 scimitar of flaming.
The wyvern bites you!
You die...
Kikubaaqudgha rasps: You have failed me!
Welcome... death!

~~PP~.....###..........
≈~~~P~....F†.#...#.....
≈~~~~~~P......#..#†..ß...
≈≈≈≈~~~P~.....#....#.....>.
≈≈≈≈≈P~~~.....##...#...ß.F.
≈≈≈≈≈~~~~.....###..F#....F.
≈≈≈~P~P~~......#.#YY#......
≈≈≈~PP~~~P....###Y#....#.#.
≈≈≈~~P~~~~....†@kk###...?.
~~~P~~P~~~....##### .....
♣♣.#...#..### ##..
#.....#..# . #.#...#..##
#.....#...# #.#...#..##
##.#..)+..# #.........#


You could see 3 yaks, a blink frog, a rime drake and a wyvern.

Vanquished Creatures
  Harold (D:9)
  2 hydras (D:8)
  2 boulder beetles (D:10)
  Erica (D:9)
  3 two-headed ogres
  Nergalle (D:10)
  Amaemon (D:9)
  Pikel (D:4)
  2 cyclopes (D:11)
  An ugly thing (D:10)
  An orange demon (D:9)
  2 gargoyles (D:11)
  Maggie (D:9)
  4 cane toads (Lair:1)
  The ghost of grrhawk the Poker, a novice CoGl of Gozag (D:4)
  A kobold demonologist (D:10)
  2 unseen horror zombies (D:9)
  A yaktaur (D:10)
  Psyche (D:8)
  An efreet (D:8)
  2 komodo dragons (D:11)
  Grinder (D:3)
  3 hornets
  6 blink frogs (Lair:1)
  Sigmund (D:5)
  3 wraiths
  17 yaks
  2 wyverns
  Grum (D:8)
  2 steam dragons (D:7)
  4 basilisks
  6 water moccasins
  An acid dragon (D:11)
  4 sky beasts
  A swamp drake (D:11)
  4 orc warriors
  A black bear (D:5)
  2 ice beasts
  3 wolves (D:8)
  2 ogres (D:5)
  4 centaurs
  A phantom (D:6)
  Blork the orc (D:5)
  5 kobold brigands
  8 bullfrogs
  A gnoll sergeant (D:10)
  2 wyvern zombies (D:9)
  A scorpion (D:4)
  26 wights
  6 killer bees
  3 bombardier beetles
  4 centaur zombies (D:9)
  2 jellies
  2 gnoll boudas
  4 hounds
  3 orc priests
  Jessica (D:2)
  3 iguanas
  10 orc wizards
  A sleepcap (D:7)
  Ijyb (D:3)
  Terence (D:2)
  Robin (D:3)
  4 howler monkey zombies (D:9)
  13 gnolls
  7 adders
  A white imp (D:8)
  2 ufetubi (D:6)
  4 dart slugs
  4 ribbon worms
  34 orcs
  13 ball pythons
  8 bats
  10 endoplasms
  7 giant cockroaches
  18 goblins
  22 hobgoblins
  2 jackals (D:5)
  4 frilled lizards
  18 kobolds
  6 rats
364 creatures vanquished.

Vanquished Creatures (others)
  An orc priest (D:7)
  3 kobolds (D:10)
  A goblin (D:3)
5 creatures vanquished.

Grand Total: 369 creatures vanquished

Notes
Turn   | Place    | Note
-------+----------+-------------------------------------------
     0 | D:1      | Nonny the Coglin Gladiator began the quest for the Orb.
     0 | D:1      | Reached XP level 1. HP: 16/16 MP: 1/1
   128 | D:1      | Starting vault: forest path to creek
   301 | D:1      | Reached XP level 2. HP: 19/22 MP: 2/2
   389 | D:1      | +5 ring of evasion in northeast
   413 | D:1      | staff of alchemy
   489 | D:1      | ring of fire center of floor
   636 | D:1      | serpent talisman
   652 | D:1      | Reached XP level 3. HP: 27/27 MP: 3/3
   816 | D:1      | Reached skill level 1 in Stealth
   906 | D:2      | Noticed Jessica
   914 | D:2      | Killed Jessica
   915 | D:2      | Reached XP level 4. HP: 30/33 MP: 4/4
   939 | D:2      | +1 rC+ robe on Jessica
  1075 | D:2      | Reached skill level 4 in Long Blades
  1127 | D:2      | Found a faded altar of an unknown god.
  1293 | D:2      | Prayed at the altar of an unknown god.
  1293 | D:2      | Became a worshipper of Kikubaaqudgha
  1293 | D:2      | Reached * piety under Kikubaaqudgha
  1293 | D:2      | Received a gift from Kikubaaqudgha
  1370 | D:2      | Noticed Terence
  1376 | D:2      | Killed Terence
  1377 | D:2      | Reached XP level 5. HP: 33/38 MP: 5/5
  1408 | D:2      | +2 rPois scale mail on Terence
  1867 | D:3      | HAJIPEUCIA - brand weapon
  1868 | D:3      | XODDOQ CEMARA - vulnerability
  1869 | D:3      | TERAID UGEU - magic mapping
  1870 | D:3      | NYNGUG PUTS - fear
  1871 | D:3      | SEOCUO GICUU - teleportation
  1973 | D:3      | Reached skill level 5 in Long Blades
  1973 | D:3      | Reached XP level 6. HP: 12/44 MP: 6/6
  2137 | D:3      | amulet of the acrobat
  2142 | D:3      | KIUGHUCUWI - butterflies
  2178 | D:3      | Noticed Grinder
  2179 | D:3      | Noticed Ijyb
  2203 | D:3      | Killed Ijyb
  2228 | D:3      | Paralysed by Grinder for 3 turns
  2237 | D:3      | Killed Grinder
  2238 | D:3      | Reached XP level 7. HP: 31/50 MP: 7/7
  2320 | D:3      | +6 ring of strength center of floor
  2392 | D:3      | Reached ** piety under Kikubaaqudgha
  2478 | D:3      | Noticed Robin
  2487 | D:3      | Reached skill level 6 in Long Blades
  2496 | D:3      | Killed Robin
  2567 | D:3      | Watery vault
  2632 | D:4      | Found an ancient bone altar of Kikubaaqudgha.
  2684 | D:4      | Found a runed translucent gate.
  2685 | D:4      | Found a runed translucent gate.
  2686 | D:4      | Found a runed translucent gate.
  2696 | D:4      | Noticed grrhawk's ghost (novice CoGl)
  2717 | D:4      | ASISOU DYNA - immolation
  2718 | D:4      | clear potion - mutation
  2718 | D:4      | AGHAKHA UWUPP - identify
  2718 | D:4      | Gained mutation: Armour fits poorly on your strangely
                  | shaped body. [potion of mutation]
  2718 | D:4      | Gained mutation: You are robust. (+10% HP) [potion of
                  | mutation]
  2718 | D:4      | Gained mutation: Your body sometimes deteriorates upon
                  | taking damage. [potion of mutation]
  2718 | D:4      | Gained mutation: Your flesh is cold resistant. (rC+)
                  | [potion of mutation]
  2881 | D:4      | Noticed Pikel
  2899 | D:4      | Killed Pikel
  2900 | D:4      | Reached skill level 8 in Long Blades
  2900 | D:4      | Reached skill level 1 in Evocations
  2900 | D:4      | Reached XP level 8. HP: 30/61 MP: 8/8
  3458 | D:4      | Killed grrhawk's ghost
  3459 | D:4      | Reached skill level 9 in Long Blades
  3562 | D:5      | Entered Level 5 of the Dungeon
  3596 | D:5      | Found an iron altar of Okawaru.
  3638 | D:5      | Reached *** piety under Kikubaaqudgha
  3638 | D:5      | Received a gift from Kikubaaqudgha
  3652 | D:5      | Found a glowing golden altar of the Shining One.
  3652 | D:5      | Found a radiant altar of Vehumet.
  3789 | D:5      | Reached XP level 9. HP: 48/68 MP: 9/9
  3891 | D:5      | glowing inky potion - curing
  3950 | D:5      | Found a hazy altar of Hepliaklqana.
  3985 | D:5      | Noticed a +0 short sword
  3991 | D:5      | Found a hide-covered altar of Uskayaw.
  3991 | D:5      | Noticed a +0 dagger
  3991 | D:5      | Noticed a +0 dagger
  3992 | D:5      | Noticed a +0 short sword
  3992 | D:5      | Noticed a +0 falchion
  3993 | D:5      | Noticed a +0 spear
  3994 | D:5      | Noticed a +0 spear
  3995 | D:5      | Noticed a +0 falchion
  4063 | D:5      | Noticed Blork the orc
  4072 | D:5      | Killed Blork the orc
  4073 | D:5      | Reached skill level 5 in Dodging
  4305 | D:5      | Reached skill level 10 in Long Blades
  4311 | D:5      | Learned a level 4 spell: Animate Dead
  4552 | D:5      | Noticed Sigmund
  4580 | D:5      | Killed Sigmund
  4810 | D:6      | Reached skill level 1 in Spellcasting
  4811 | D:6      | dark potion - attraction
  4812 | D:6      | fizzy white potion - enlightenment
  5019 | D:6      | bubbling brown potion - lignification
  5026 | D:6      | silvery potion - might
  5066 | D:6      | Found a staircase to the Ecumenical Temple.
  5072 | Temple   | Entered the Ecumenical Temple
  5073 | Temple   | Temple: icy clouds
  5332 | D:6      | Reached **** piety under Kikubaaqudgha
  5534 | D:6      | white potion - heal wounds
  6183 | D:7      | HP: 2/71 [gnoll/+0 halberd[a gnoll bouda] (13)]
  6462 | D:7      | Found a basalt altar of Yredelemnul.
  6557 | D:7      | Reached skill level 11 in Long Blades
  6618 | D:7      | Reached XP level 10. HP: 72/80 MP: 13/13
  6718 | D:7      | Reached skill level 5 in Fighting
  6736 | D:7      | NOH QEAK ZEDD - enchant armour
  6737 | D:7      | VOED KOMMYM - amnesia
  6738 | D:7      | QUANUIC COXU - noise
  7033 | D:8      | Lost mutation: Your body sometimes deteriorates upon taking
                  | damage. [potion of mutation]
  7033 | D:8      | Lost mutation: You are robust. (+10% HP) [potion of
                  | mutation]
  7033 | D:8      | Lost mutation: Your flesh is cold resistant. (rC+) [potion
                  | of mutation]
  7033 | D:8      | Gained mutation: Your mind is acute. (Int +4, Str/Dex -1)
                  | [potion of mutation]
  7033 | D:8      | Gained mutation: You are partially covered in iridescent
                  | scales. (AC +2) [potion of mutation]
  7033 | D:8      | Gained mutation: Your muscles are strong. (Str +4, Int/Dex
                  | -1) [potion of mutation]
  7063 | D:8      | Noticed a two-headed ogre
  7093 | D:8      | Killed a two-headed ogre
  7114 | D:8      | +2 scimitar of flaming from djinn
  7352 | D:8      | lumpy sapphire potion
  7386 | D:8      | Noticed a two-headed ogre
  7408 | D:8      | Killed a two-headed ogre
  7409 | D:8      | Reached skill level 12 in Long Blades
  7486 | D:8      | You fall into a shaft and drop 1 floor!
  7487 | D:9      | Noticed Maggie
  7497 | D:9      | Killed Maggie
  7571 | D:9      | Reached ***** piety under Kikubaaqudgha
  7620 | D:9      | Reached XP level 11. HP: 83/84 MP: 15/15
  7773 | D:9      | +4 ring of protection in south
  7909 | D:9      | Reached skill level 13 in Long Blades
  7954 | D:9      | LANLUQA RESUI - poison
  8259 | D:9      | Noticed Amaemon
  8278 | D:9      | Killed Amaemon
  8279 | D:9      | Reached skill level 1 in Necromancy
  8346 | D:9      | Found a staircase to the Orcish Mines.
  8429 | D:9      | Noticed Harold
  8437 | D:9      | Killed Harold
  8659 | D:9      | Noticed Erica
  8671 | D:9      | Killed Erica
  8887 | D:8      | Noticed Grum
  8899 | D:8      | Killed Grum
  8900 | D:8      | Reached skill level 14 in Long Blades
  8923 | D:8      | Noticed an eight-headed hydra
  8966 | D:8      | Killed a three-headed hydra
  9254 | D:8      | Noticed a six-headed hydra
  9369 | D:9      | Identified the ring "Zink" {rPois Will- rCorr Str+6 Slay-5}
  9653 | D:8      | Noticed Psyche
  9662 | D:8      | Killed Psyche
  9663 | D:8      | Reached XP level 12. HP: 89/95 MP: 16/16
  9949 | D:8      | Killed a one-headed hydra
 10211 | D:10     | Entered Level 10 of the Dungeon
 10522 | D:10     | Noticed a boulder beetle
 10527 | D:10     | Noticed a boulder beetle
 10535 | D:10     | Killed a boulder beetle
 10540 | D:10     | Killed a boulder beetle
 10545 | D:10     | Identified the +8 mace of Mens Rea {flame, Int+3 Dex+6}
 11085 | D:10     | fuming amethyst potion - invisibility
 11148 | D:10     | Noticed Nergalle
 11161 | D:10     | Killed Nergalle
 11162 | D:10     | Reached skill level 15 in Long Blades
 11165 | D:10     | Reached skill level 10 in Fighting
 11483 | D:10     | green potion - cancellation
 11486 | D:10     | Identified the ring "Wocuiria" {Fly rElec}
 11678 | D:11     | Reached skill level 1 in Armour
 11696 | D:11     | smoky dark potion - haste
 11836 | D:11     | Noticed a two-headed ogre
 11845 | D:11     | Killed a two-headed ogre
 11845 | D:11     | Reached ****** piety under Kikubaaqudgha
 12320 | D:11     | Identified the +1 ring mail of Experimentation {Str-3 Int+3
                  | Dex+3}
 12335 | D:11     | Found a staircase to the Lair.
 12560 | Lair:1   | Entered Level 1 of the Lair of Beasts
 12678 | Lair:1   | Reached XP level 13. HP: 32/105 MP: 17/17
 12687 | Lair:1   | Reached skill level 5 in Evocations
 12714 | Lair:1   | HP: 1/106 [wyvern (13)]
 12715 | Lair:1   | Mangled by a wyvern

Illustrated notes .♣♣♣.♣♣ ♣♣♣.♣ ♣♣ ♣♣.♣♣♣ ♣.♣ ♣ ♣♣..♣♣♣ ♣♣.♣ ♣♣♣..♣ ♣..♣ ♣♣.♣ ♣♣.♣♣ ♣♣.♣♣ ♣♣..♣♣ ♣♣ ♣.♣♣ ♣)♣..♣♣♣ ≈♣ ♣♣.♣♣ ♣......♣ ≈≈≈♣ ♣.♣.♣♣♣♣♣..@..♣♣ ≈≈≈♣♣♣....♣..P...♣♣ ♣ ♣♣♣P♣.P♣♣♣♣♣♣ ♣♣♣♣♣♣ Turn 128 on D:1: Starting vault: forest path to creek ######### ........# #@# #.# #.# #.# #.# #.# #.# ######.# #.....># Turn 389 on D:1: +5 ring of evasion in northeast #################### #..................# ######.################=# ..........†..# #.# #######.####.# #.# #.# #@# #.# #.# #.# #.# #.# #.# #.# #.# #.# #.# #.# #.# ######.# #. #.. #.....># ### #.###### #.# #.# Turn 413 on D:1: staff of alchemy #####.# #.# #.# #.# #.# #.#### #†### #.# #....# #######...# #.# ####.# .K........####.# #.# ######...##...# #.# #..###.### ####.# #..# #.# #....# #.@# #.# ####.#### #..# #.# #.......# #..# #†# #.......# #..# #.###.......## #..# #.........>... #..# #####.......#. #..# #.......#. .....# #.......#. .# #########. Turn 489 on D:1: ring of fire center of floor #### ### #.. ..# #######.# #.# .......@# #.# #######.# ##.######## #....##)######..)....... #.##..............###### #.#####.######...## ###.####.#####.# ##.##### ...........†..# #.....# #.#####.####### #####.# #.#####.# #.# Turn 636 on D:1: serpent talisman #### ########### ######... # .........# #.......# #.###..###.###.####..# ##.#................... #.......###.###.####..# #.....†.....# #.......# #.......##### ######... #.....@).# #### #.......## ### #.......# . #.. ..........###.J.. #.# ........<......?. ##.# ...######.###.... #<.. ### ..# .. #..# #### #... #.## Turn 939 on D:2: +1 rC+ robe on Jessica #.# ###.### # ####.### #...... #. #......#####.#.... #.##.##.#.......#.... #.......##########.#. #.......# #.#. #.##.##.# #.## # #.##.# ..## #.##@##.# ... #.......# # #.##.##.# . #.......# #....##.# #....# .P #.#.## ~~P #.... ~K ###.## ~ Turn 1408 on D:2: +2 rPois scale mail on Terence #. [. ##.##.##### #.........# #.........# #.........# #.......# #.......####### #.............. #.....@..##### #........# #........#####.. #>..[.).<....... ..############... ... .. Turn 1867 on D:3: HAJIPEUCIA - brand weapon #. [. ##.##.##### #.........# #.........# #.........# #.......# #.......####### #.............. #.....@..##### #........# #........#####.. #>..[.).<....... ..############... ... .. Turn 1868 on D:3: XODDOQ CEMARA - vulnerability #.,[.,,**** **,,,,,** ##.##.##########*,,,*,,* #.........######*,****,* #.........######*,* *,** *#.........######*,* *,,, ******,.#.......######*,* **** *,,,,,,.#.......#######,******* *,,,,,,.#..............,,,,,,,, *,,,,,,.#.....@..#####,,******* *,,,,,,.#........#####,,* *,,,,,,.#........#####..* *,,,,,,.#>..[.).<.......* **,,,,,..############...* *,,,,...############>,,*** *,,,,...#######......,,,,***** **,,,,........|......,,,,,,,,, *,,,,,,,*******,,,,,,,,,,****, Turn 1869 on D:3: TERAID UGEU - magic mapping #.,[.,,**** **,,,,,** ##.##.##########*,,,*,,* #.........######*,****,* #.........######*,* *,** *#.........######*,* *,,, ******,.#.......######*,* **** *,,,,,,.#.......#######,******* *,,,,,,.#..............,,,,,,,, *,,,,,,.#.....@..#####,,******* *,,,,,,.#........#####,,* *,,,,,,.#........#####..* *,,,,,,.#>..[.).<.......* **,,,,,..############...* *,,,,...############>,,*** *,,,,...#######......,,,,***** **,,,,........|......,,,,,,,,, *,,,,,,,*******,,,,,,,,,,****, Turn 1870 on D:3: NYNGUG PUTS - fear #.,[.,,**** **,,,,,** ##.##.##########*,,,*,,* #.........######*,****,* #.........######*,* *,** *#.........######*,* *,,, ******,.#.......######*,* **** *,,,,,,.#.......#######,******* *,,,,,,.#..............,,,,,,,, *,,,,,,.#.....@..#####,,******* *,,,,,,.#........#####,,* *,,,,,,.#........#####..* *,,,,,,.#>..[.).<.......* **,,,,,..############...* *,,,,...############>,,*** *,,,,...#######......,,,,***** **,,,,........|......,,,,,,,,, *,,,,,,,*******,,,,,,,,,,****, Turn 1871 on D:3: SEOCUO GICUU - teleportation ** *,* * *,* *,* ******,** ,,,,,,..* ****##.** ####.<,* ########## .#...,** #........# ....##* #....@...# .#...# ###........# .#.#.#####..........# ...................?# ##...################ *#.#.# ...#.## ##.#..# #.##.### Turn 2137 on D:3: amulet of the acrobat ***,** ,,,..* *##.** #.<,* ########## ..,** #....bb..# .##* #..bbbbbb# ..# ###..bbbbbb# #.#####....bbbbbb# ...........bbbbb@# ..################ #.# #.## #..# ##.### ##...# ##.>.# ##...# Turn 2142 on D:3: KIUGHUCUWI - butterflies ,,,,,,,~,,~~,,~,,,,,* **,,,,**,, ***,,,,,~~,,,,~(....##**,,*****,* *,,,,,,,,,~~,......,,,,** *,* *,,,,,,,,~~,,.....#***** *,* *,***~~~~~~*##....# *,* ******~~~~###.....# *********,* *,**#####.......###.,,,,,,,.. *****,,,................*****##.* *,,,,,*****#....@.(.....#####.<,* .,,**** ##.....#####...#...,** .###########...#..# **#....##* .....#######.####.# #.#...# .....#######.# *.#######b#.#.### .....#######.# *...............b .....#######.# *#######b##..b### .....#######.###########.##.#.# ................)...........#.## Turn 2320 on D:3: +6 ring of strength center of floor ###### #### ### ##~~~~## ###..# #.###~~~~~~###.#..# ##### #########....~~...........# #.... ....#.......~~.........#..# #.... ......###..~....~~.....#.####.... ....### #..~..~~..~......##...... ###.# ###...~~....~.........##### .##.###........⌠@~........### .##..##.......~~⌠.........# .............~....~~......# ### ######.......~..~~..~.....# ##.. ## ####.....~~....~.....####..# .## #.........~~...........## ..# #........~~.÷÷....###### .)# #.###~~~~~~###....# #)## ######~~~~###.....# ##### Turn 2567 on D:3: Watery vault .# .# .#### ######### ##.... #...(.(.# #... #((.....#####.###.#.. #....(..#..)@.†...... #..(....#####.###.#.. #♣....(W#...........> ###+++######......### #.............#.### #.......#######.# ### ####.##.##..... ... ..# #....#..##..### #.###.# #...........# #.# #.# Turn 2717 on D:4: ASISOU DYNA - immolation .# .# .#### ######### ##.... #...(.(.# #... #((.....#####.###.#.. #....(..#..)@.†...... #..(....#####.###.#.. #♣....(W#...........> ###+++######......### #.............#.### #.......#######.# ### ####.##.##..... ... ..# #....#..##..### #.###.# #...........# #.# #.# Turn 2718 on D:4: clear potion - mutation #.......## #.......# #.).....+ #.......# ##......### #........### #........... #.>....#.... #...@..# ... ..........# .# ..........# # ..........# ..........# ?.........# ..........# +###......+ Turn 3891 on D:5: glowing inky potion - curing #................. #...............$. #................. +................. #................. #................. #......#+##.....# #......# .... #..@...+ .. #......# .....##### .......# ....... ....... ....... ....... Turn 4811 on D:6: dark potion - attraction #................. #...............$. #................. +................. #................. #................. #......#+##.....# #......# .... #..@...+ .. #......# .....##### .......# ....... ....... ....... ....... Turn 4812 on D:6: fizzy white potion - enlightenment #..##.# #####..##.# #.........# #.... #.........+ #.... #.........# #.... ##+##.##..# #....# #..##.##..#####..... #......#......#..... +..@...#......#..... ##'##.###.###+#..... ... #.###.##........ .?... +..#...#........ [...... #..#...'........ <...... ##.###+#........ #####.. .##....######. +.. ..#....# #. #....# #. Turn 5019 on D:6: bubbling brown potion - lignification #.........+ #. #.........# #. #####+####+##.##..# #. ........#..##.##..#####. ........#......#......#. ........+......#......#. ........##'##.###.###+#. #...........#.###.##.... #..!...@....+..#...#.... #...[.......#..#...'.... #...<.......##.###+#.... #########....#.##....### +....#..#....# #>...+ #....# #....# #....# ....# #....# #....# Turn 5026 on D:6: silvery potion - might ################# #.○○○○○○.○☼○☼○○.# #.○○○○○○○○○○○☼☼.# #.☼○☼○.○.○○○○○☼○# #○☼○_._._._...☼○# #○○..........○○○# #○○○_......._☼○.# #○...........○☼○# #○○○_...@..._○○.# #○○○.........○○○# #.○○_......._○☼.# #○.○.........○○○# #○○○_._._._._○○○# #○○○○○○○○○.○.○○☼# #○○.○○○.○○○☼○○○☼# #○☼○.○.○○☼○○.○☼☼# ################# Turn 5073 on Temple: Temple: icy clouds

#..#))#...#..')[# #......+ +..
#..#)##)..#.#####.###......# #..
#.....##'##.# #.......##### #..
#'##........+ #.......# #..
#).#'##..#)### #.......# #+##..
#..#).####..#..#.......# #..#..
##'#..'..#.[#g)#.......# #..#..
#..####..####..g.......# ##..#..
......####..####@......# #...#..
.......................# #...#..
######.................# #[..#..
###..##.##.......# ###.#..
#########..##.###'#....# #.##.
....#.........#...#....# #..#.
....#.........+...#....# #..#.
....#.........#...#....+ +..#.
#+####+##.##..##..#....##+###....


Turn 5534 on D:6: white potion - heal wounds #.........### ####............
.....# ......†......# .....# ####.........# .....# #.........### #.....#
#####..####.. ..... #..# #.##...#### # #..# #.#.......# # #..####..@......#
########...).<.).......# ..........#..).........# #...........##....######
....#..#..####....# ......#...####.#.#### ...#.#..#.##.........
...#.#.##.#.......... ####...##............ Turn 6736 on D:7: NOH QEAK ZEDD -
enchant armour #.........### ####............ .....# ......†......# .....#
####.........# .....# #.........### #.....# #####..####.. ..... #..# #.##...####
# #..# #.#.......# # #..####..@......# ########...).<.).......#
..........#..).........# #...........##....###### ....#..#..####....#
......#...####.#.#### ...#.#..#.##......... ...#.#.##.#..........
####...##............ Turn 6737 on D:7: VOED KOMMYM - amnesia #.........###
####............ .....# ......†......# .....# ####.........# .....#
#.........### #.....# #####..####.. ..... #..# #.##...#### # #..# #.#.......# #
#..####..@......# ########...).<.).......# ..........#..).........#
#...........##....###### ....#..#..####....# ......#...####.#.####
...#.#..#.##......... ...#.#.##.#.......... ####...##............ Turn 6738 on
D:7: QUANUIC COXU - noise ### .. #. ..# .#####. #.# ..#.... ## .#.# ..#.##. .#
..#.####.#.... ##O#.###....#.#.... #†°..#...#..#.#.... #.####.###..#.#....
#(@....#.....<..... #####.##...####.... #..............#. #........###.###.
#........###.# #. #..........#.###. ########.#.#..... #.#.#####. #.#....... Turn
7114 on D:8: +2 scimitar of flaming from djinn ###### #....### . #......#######
..##....#.##....# ........#.##....### ##....#.##.....$. #.....#.##....#
##.###.#[##....# #........>)@...# ....###.#..#....# .# #.#..........)
#.##.######### #.##.##....##### ######.##........[..# ###.......#...........#
..###.#####...........# #.#....#....#####.##### Turn 7352 on D:8: lumpy sapphire
potion ##.# #.# . #### #.# ..##...## #.# ........## #.# #.......# #.#
##.......###.# ........)))[.# ###....@###### ##...## ......# ###### Turn 7773 on
D:9: +4 ring of protection in south #/...§§....> # #.##§Z..~..# # ##.##§§§~~~.#
# ..§§§.~~~~.# # #§§§..~~~..# # ##§##..~~~~.# # ###§§§#§§§.~..#####
#§@§§§§§§§.#....... #§#§§§#§##...###### #§##§##.###.## #§##§##.###.#######
#§##.##.......>#... #§............<#.## ####.###.......#.# #.# #.......#.##
#####.# #.......#... Turn 7954 on D:9: LANLUQA RESUI - poison
######################## .......@................ ....................)...
...................))... .)......<............).. .......)................
........................ ........................ ........................
...=.............. Turn 11085 on D:10: fuming amethyst potion - invisibility
#..##..#..#..#..##.. ##..#..##...##..#..# ###############..##..#...#..##..#
.............###..#..##.##..#..## ........)...>#=#..##..#|#..##..#)
.......))....#.##..#..###..#..##. .........)...#..#..##..#..##..#..
.............#..##..#..#..#..##†. .............#..@...##...##...†..
.............#########...######## .................................
................................. .................................
................................. #############........[..#########
#...........# #...........# Turn 11483 on D:10: green potion - cancellation
#.##.......# #.##.......# .####. #.......# ...... #.......+ . .....##.......#
#.###..#........# #...............# .............#### ..##..@#.##.# #..##.##.#
#.. #.##.# #.. #.# .# ..# ### ..> ###. #. Turn 11696 on D:11: smoky dark potion
- haste

Levels and vault maps discovered:
D:1:      kilobyte_arrival_exit_the_forest, layout_loops_ring
D:2:      layout_loops_cross, nicolae_ecumenical_snake_handling, serial_bayou,
          serial_bayou_shore_b, serial_bayou_pond_d, serial_bayou_pond_b,
          serial_bayou_crossing, uniq_terence, uniq_jessica
D:3:      cheibrodos_helix_gallery, layout_rooms, nicolae_grassy_gnolls,
          uniq_grinder, uniq_ijyb, uniq_robin
D:4:      layout_basic, kiku_gazebo_garden_becter, ebering_ghost_rock_garden,
          minmay_misc_feat_rugged, uniq_pikel
D:5:      layout_gridville, nicolae_uskayaw_en_pointe, jmf_multi_god_temple,
          nicolae_hepliaklqana_hippocampus, mainiacjoe_overflow_cross_hatched,
          kennysheep_flooded_box, uniq_blork_the_orc, uniq_sigmund
D:6:      corexii_shantytown, layout_gridville, minmay_temple_entry_fiery
D:7:      layout_rooms, mainiacjoe_overflow_chevrons, minmay_misc_feat_doors
D:8:      layout_basic, nicolae_doodle_vault, uniq_psyche, uniq_grum
D:9:      layout_loops_cross, david_orc_2, serial_undead, serial_undead_a,
          serial_undead_a, serial_undead_e, serial_undead_b, serial_undead_c,
          serial_undead_f, serial_undead_c, serial_undead_f, uniq_maggie,
          uniq_amaemon, uniq_erica, uniq_harold
D:10:     minmay_tri_box, layout_cross, uniq_nergalle
D:11:     layout_basic, erik_lair_dragon, serial_curves, eino_curves_04,
          eino_curves_02
Temple:   minmay_freezing_vapour_temple
Lair:1:   layout_chaotic_city, guppyfry_lair_drakes, serial_bayou_shore_a,
          grunt_megastairs_2

Skill      XL: |  1  2  3  4  5  6  7  8  9 10 11 12 13 |
---------------+----------------------------------------+-----
Dodging        | 3 4 5 6 |  6.9
Stealth        | 1 2 3 |  3.0
Long Blades    | 4 5 8 9 11 12 14 15 | 15.1
Evocations     | 1 2 3 4 5 |  5.4
Fighting       | 4 7 9 10 11 | 11.0
Spellcasting   | 2 3 |  3.0
Necromancy     | 3 |  3.0
Armour         | 3 4 |  4.9
Throwing       | 3 |  3.5

Action                     |  1- 3 |  4- 6 |  7- 9 | 10-12 | 13-15 || total
---------------------------+-------+-------+-------+-------+-------++-------
  Melee: Long sword        |    38 |   114 |   100 |       |       ||   252
         Dagger            |    32 |    81 |   105 |   115 |       ||   333
         Scimitar          |       |       |   179 |   679 |    61 ||   919
         Short sword       |       |       |    51 |       |       ||    51
         Falchion          |       |       |       |   109 |       ||   109
  Throw: Throwing net      |       |     3 |     1 |     6 |       ||    10
         Javelin           |       |     1 |     5 |     2 |       ||     8
         Dart              |       |       |    17 |    31 |       ||    48
         Stone             |       |       |     3 |     1 |       ||     4
  Evoke: Wand              |       |     1 |     7 |     7 |       ||    15
    Use: Scroll            |       |     6 |     8 |     8 |       ||    22
         Potion            |       |       |     5 |     8 |     1 ||    14
   Stab: Sleeping          |     4 |     1 |     1 |       |       ||     6
         Held in net/web   |       |     2 |       |     6 |       ||     8
         Distracted        |       |       |     1 |     1 |       ||     2
 Armour: Leather armour    |    24 |       |       |       |       ||    24
         Robe              |       |    33 |       |       |       ||    33
         Scale mail        |       |    41 |   221 |   332 |     9 ||   603
         Skin              |       |       |     9 |    39 |       ||    48
  Dodge: Dodged            |    18 |    69 |   140 |   223 |    15 ||   465

Table legend: (Time is in decaauts)
 A = Elapsed time spent in this place.
 B = Non-inter-level travel time spent in this place.
 C = Inter-level travel time spent in this place.
 D = Time resting spent in this place.
 E = Time spent auto-exploring this place.
 F = Levels seen in this place.
 G = Mean time per level.
                   A        B        C        D        E       F      G
               +--------+--------+--------+--------+--------+-----+--------+
         Total |  12581 |  12090 |    491 |   2913 |   6217 |  13 |  967.8 |
       Dungeon |  12444 |  11954 |    490 |   2913 |   6156 |  11 | 1131.3 |
        Temple |      1 |      1 |      0 |      0 |      0 |   1 |    1.0 |
          Lair |    135 |    135 |      0 |      0 |     61 |   1 |  135.0 |
               +--------+--------+--------+--------+--------+-----+--------+

Top non-repeatable levels by time:
     D:9: 1661 daAuts
     D:8: 1437 daAuts
    D:10: 1330 daAuts
     D:6: 1287 daAuts
     D:7: 1078 daAuts
     D:5: 1076 daAuts
     D:2: 1005 daAuts
    D:11: 979 daAuts
     D:4: 970 daAuts
     D:1: 876 daAuts
     D:3: 739 daAuts
  Lair:1: 135 daAuts
  Temple: 1 daAuts
